 Dungeon Crawl Stone Soup version 0.30-a0-29-g142975f185 (webtiles) character file.

Game seed: 12806609715242588935

84 Zonian the Chiller (level 4, -2/30 HPs)
             Began as a Demonspawn Ice Elementalist on Aug 26, 2022.
             Slain by a gnoll
             ... wielding a +0 halberd
              (16 damage)
             ... on level 3 of the Dungeon.
             The game lasted 00:04:53 (3928 turns).

Zonian the Chiller (Demonspawn Ice Elementalist)    Turns: 3928, Time: 00:04:54

Health: -2/30      AC:  3    Str:  8    XL:     4   Next: 24%
Magic:  8/8        EV: 12    Int: 17    God:
Gold:   78         SH:  0    Dex: 15    Spells: 7/8 levels left

rFire   + . .      SeeInvis .    o - +1 dagger (freeze)
rCold   + . .      Faith    .    (no shield)
rNeg    . . .      Spirit   .    a - +0 robe
rPois   .          Reflect  .    (no helmet)
rElec   .          Harm     .    f - scarf {rC+ rF+}
rCorr   .          Rampage  .    (no gloves)
Will    .....                    h - +0 pair of boots
Stlth   ++........               (no amulet)
HPRegen 0.10/turn                (no ring)
MPRegen 0.11/turn                (no ring)

@: no status effects
A: ignite blood 1
a: no special abilities


You were on level 3 of the Dungeon.
You visited 1 branch of the dungeon, and saw 3 of its levels.

You collected 134 gold pieces.
You spent 56 gold pieces at shops.

Inventory:

Hand Weapons
 d - a +0 dagger
 g - a +0 sling
 j - a +0 dagger of flaming
 o - a +1 dagger of freezing (weapon)
Armour
 a - a +0 robe (worn)
 f - a scarf of resistance (worn)
 h - a +0 pair of boots (worn)
Jewellery
 m - a ring of willpower
Scrolls
 e - a scroll of identify
Potions
 b - a potion of magic
 c - 3 potions of heal wounds
 k - a potion of attraction
 p - a potion of might {unknown}


   Skills:
 + Level 2.5 Dodging
 + Level 2.6 Stealth
 + Level 2.6 Spellcasting
 + Level 4.1 Ice Magic


You had 7 spell levels left.
You knew the following spells:

 Your Spells              Type           Power      Damage    Failure   Level
a - Freeze                Ice            64%        1d8       3%          1

Your spell library contained the following spells:

 Spells                   Type           Power      Damage    Failure   Level
 Frozen Ramparts          Ice            32%        1d5       10%         3
 Ozocubu's Armour         Ice            16%        N/A       10%         3
 Hailstorm                Conj/Ice       9%         3d4       61%         4
 Petrify                  Tmut/Erth      2%         N/A       87%         4
 Metabolic Englaciation   Hex/Ice        4%         N/A       91%         5
 Statue Form              Tmut/Erth      1%         N/A       100%        6


Dungeon Overview and Level Annotations

Branches:
Dungeon (3/15)

Altars:

Shops:
D:2 (

Annotations:
D:3 Grinder


Innate Abilities, Weirdness & Mutations

Your demonic aura sometimes causes spilled blood to erupt in flames.


Message History

There is a stone staircase leading down here.
The jackal barks!
You hear a bark!
You hear a shout!
You see here a potion of attraction.
A hobgoblin comes into view.
Found a stone staircase leading down.
The jackal bites you.
The jackal barks!
You hear a shout!
The jackal bites you. The jackal attacks as you move away!
The jackal misses you.
You see here a +0 club.
The gnoll shouts!
The jackal closely misses you. The hobgoblin hits you.
The jackal barely misses you. The hobgoblin misses you.
The jackal closely misses you. The jackal attacks as you move away!
The jackal closely misses you. The jackal barely misses you.
The hobgoblin barely misses you. The jackal barely misses you.
The hobgoblin attacks as you move away! The hobgoblin hits you.
The jackal attacks as you move away! The jackal barely misses you.
A gnoll comes into view. It is wielding a +0 flail.
The jackal bites you. The hobgoblin attacks as you move away!
The hobgoblin completely misses you. The jackal attacks as you move away!
The jackal misses you.
Found 17 gold pieces.
The gnoll shouts!
You hit the hobgoblin but do no damage. The hobgoblin closely misses you.
You hit the hobgoblin. You freeze the hobgoblin.
You kill the hobgoblin!
You hit the gnoll but do no damage. The gnoll misses you.
Unknown command.
You barely miss the gnoll.
The gnoll hits you from afar with a +0 halberd.
The gnoll hits you with a +0 club.
You barely miss the gnoll. The gnoll closely misses you. The gnoll misses you.
An orc comes into view. It is wielding a +0 club.
Unknown command.
The orc shouts!
You hit the gnoll but do no damage.
The gnoll hits you from afar with a +0 halberd!
Ouch! That really hurt!
You die...

.....>..............#
#...................#
#..........o....>...#
....................#
##..>...............#
##...........h.h..#
#####.!..)#..hhg##
##########g## ######
#@# ...... #...#
###### $...### ###.#
#. #


You could see 2 gnolls, an orc and 4 jackals.

Vanquished Creatures
  2 adders (D:2)
  4 dart slugs
  6 ball pythons
  6 bats (D:1)
  3 endoplasms
  3 giant cockroaches (D:1)
  6 goblins
  4 hobgoblins
  7 jackals
  3 kobolds (D:1)
  A quokka (D:1)
  A frilled lizard (D:3)
  4 rats
50 creatures vanquished.

Notes
Turn   | Place    | Note
-------+----------+-------------------------------------------
     0 | D:1      | Zonian the Demonspawn Ice Elementalist began the quest for
                  | the Orb.
     0 | D:1      | Reached XP level 1. HP: 13/13 MP: 3/3
   314 | D:1      | Gained mutation: Your demonic aura sometimes causes spilled
                  | blood to erupt in flames. [demonic ancestry]
   314 | D:1      | Reached XP level 2. HP: 13/19 MP: 0/5
   995 | D:1      | Reached XP level 3. HP: 11/24 MP: 1/6
  2422 | D:2      | Reached skill level 4 in Ice Magic
  2820 | D:2      | Found Faganag's Weapon Emporium.
  2828 | D:2      | Bought a +0 dagger of flaming for 56 gold pieces
  2838 | D:2      | Reached XP level 4. HP: 30/30 MP: 7/7
  3283 | D:3      | Noticed Grinder
  3284 | D:3      | Paralysed by Grinder for 5 turns
  3888 | D:3      | Paralysed by Grinder for 2 turns
  3928 | D:3      | Slain by a gnoll

Illustrated notes

Levels and vault maps discovered:
D:1:      dpeg_arrival_oval, layout_basic, amcnicky_mini_pool_small
D:2:      layout_rooms, serial_curves, eino_curves_03, eino_curves_01,
          eino_curves_03, eino_curves_02, serial_shops,
          nicolae_shop_bloodbath_and_beyond, small_statue_intersection,
          corexii_hall_statues_t
D:3:      layout_rooms, nrook_uturn, uniq_grinder

Skill      XL: |  1  2  3 |
---------------+----------+-----
Stealth        | 2 |  2.6
Dodging        | 2 |  2.5
Ice Magic      | 4 |  4.1
Spellcasting   | |  2.6

Action                   |  1- 3 |  4- 6 || total
-------------------------+-------+-------++-------
Melee: Dagger            |    80 |    38 ||   118
       Punch             |     1 |     1 ||     2
 Cast: Freeze            |    37 |     3 ||    40
  Use: Potion            |     1 |       ||     1
       Scroll            |       |     4 ||     4
 Stab: Sleeping          |     9 |     1 ||    10
Armor: Robe              |    36 |    13 ||    49
Dodge: Dodged            |   102 |    49 ||   151

Table legend: (Time is in decaauts)
 A = Elapsed time spent in this place.
 B = Non-inter-level travel time spent in this place.
 C = Inter-level travel time spent in this place.
 D = Time resting spent in this place.
 E = Time spent auto-exploring this place.
 F = Levels seen in this place.
 G = Mean time per level.
                   A        B        C        D        E       F      G
               +--------+--------+--------+--------+--------+-----+--------+
         Total |   3927 |   3821 |    106 |   1769 |   1455 |   3 | 1309.0 |
       Dungeon |   3927 |   3821 |    106 |   1769 |   1455 |   3 | 1309.0 |
               +--------+--------+--------+--------+--------+-----+--------+

Top non-repeatable levels by time:
     D:1: 2114 daAuts
     D:2: 1377 daAuts
     D:3: 435 daAuts
